[ AOE2 MATCH · #504800364 ]
UnrankedBohemians vs Bohemians
Player's team · LOSS
[ REPLAY ANALYSIS · EXTRACTED FROM THE RECORDED GAME ]
Feudal
17:48
Castle
23:58
Imperial
—
| APM avg | 30.0 |
| APM peak | 70 |
| eAPM avg | 14.1 |
| Villagers / military | 63 / 34 |
Focus
⚔️ 26.0% · 🌾 74.0%
Hussite Wagon ×24 · Knight ×5 · Petard ×3 · Mangonel ×2
Feudal
14:50
Castle
27:11
Imperial
31:11
| APM avg | 30.7 |
| APM peak | 57 |
| eAPM avg | 16.4 |
| Villagers / military | 118 / 30 |
Focus
⚔️ 19.4% · 🌾 80.6%
Hand Cannoneer ×14 · Archer ×12 · Bombard Cannon ×3 · Monk ×1
Match map
Initial resources + every placement click. Lines = walls · curves = elevation contours. ◆ gold · ⬟ stone · ● berries · ✦ relic · ◌ wall gap
Your base· ✓ Closed at 23:58 · 27t walls · no gate
VENI.VIDI.VICI.'s base· ✓ Closed at 27:11 · 39t walls · no gate
Smoothed initial terrain · ◌ = detected wall gap · hover for details
Inputs per minute
— THEMADBANANAMAN - - VENI.VIDI.VICI.
Build order — THEMADBANANAMAN
First 150 of 160 actions detected
| 0:00 | Queue | Villager (Male) |
| 0:01 | Queue | Villager (Male) |
| 0:02 | Build | House |
| 0:03 | Build | House |
| 0:18 | Queue | Villager (Male) |
| 0:36 | Queue | Villager (Male) |
| 0:52 | Research | Loom |
| 1:01 | Queue | Villager (Male) |
| 1:34 | Build | Palisade Wall |
| 1:40 | Queue | Villager (Male) |
| 2:25 | Build | Palisade Wall |
| 2:30 | Build | House |
| 2:34 | Build | House |
| 2:37 | Queue | Villager (Male) |
| 3:08 | Build | Palisade Wall |
| 3:09 | Build | Palisade Wall |
| 3:14 | Build | Palisade Wall |
| 3:21 | Queue | Villager (Male) |
| 3:22 | Queue | Villager (Male) |
| 3:50 | Build | Palisade Wall |
| 3:52 | Build | Palisade Wall |
| 3:54 | Build | Palisade Wall |
| 4:01 | Queue | Villager (Male) |
| 4:14 | Queue | Villager (Male) |
| 4:30 | Build | House |
| 4:31 | Build | House |
| 4:33 | Queue | Villager (Male) |
| 5:16 | Queue | Villager (Male) |
| 6:17 | Queue | Villager (Male) |
| 6:39 | Build | Palisade Wall |
| 6:40 | Build | Palisade Wall |
| 7:07 | Build | Palisade Wall |
| 7:09 | Build | Palisade Wall |
| 7:11 | Queue | Villager (Male) |
| 7:38 | Build | Palisade Wall |
| 7:46 | Build | Palisade Wall |
| 8:00 | Build | House |
| 9:04 | Queue | Villager (Male) |
| 9:55 | Build | Mill |
| 10:11 | Build | Palisade Wall |
| 10:13 | Queue | Villager (Male) |
| 10:36 | Queue | Villager (Male) |
| 10:51 | Queue | Villager (Male) |
| 10:59 | Queue | Villager (Male) |
| 11:16 | Build | Palisade Wall |
| 11:43 | Queue | Villager (Male) |
| 11:55 | Queue | Villager (Male) |
| 12:03 | Build | House |
| 12:17 | Build | Lumber Camp |
| 12:28 | Queue | Villager (Male) |
| 12:44 | Queue | Villager (Male) |
| 13:02 | Queue | Villager (Male) |
| 13:39 | Queue | Villager (Male) |
| 14:12 | Queue | Villager (Male) |
| 14:32 | Queue | Villager (Male) |
| 14:51 | Queue | Villager (Male) |
| 15:12 | Build | Mill |
| 15:17 | Research | Feudal Age |
| 15:28 | Build | Mining Camp |
| 17:21 | Build | House |
| 17:23 | Build | House |
| 17:42 | Queue | Villager (Male) |
| 17:48 | Age | Feudal Age |
| 17:51 | Queue | Villager (Male) |
| 18:16 | Build | House |
| 18:22 | Build | House |
| 18:31 | Build | Barracks |
| 18:32 | Queue | Villager (Male) |
| 18:43 | Build | House |
| 19:01 | Build | House |
| 19:03 | Build | Palisade Wall |
| 19:34 | Queue | Villager (Male) |
| 19:34 | Queue | Villager (Male) |
| 19:46 | Build | Market |
| 20:03 | Build | House |
| 20:24 | Queue | Villager (Male) |
| 20:42 | Build | Lumber Camp |
| 20:50 | Build | Blacksmith |
| 20:53 | Queue | Villager (Male) |
| 20:53 | Queue | Villager (Male) |
| 21:01 | Research | Double-Bit Axe |
| 21:18 | Research | Castle Age |
| 22:29 | Build | Mining Camp |
| 23:31 | Queue | Villager (Male) |
| 23:31 | Queue | Villager (Male) |
| 23:57 | Queue | Villager (Male) |
| 23:58 | Age | Castle Age |
| 24:15 | Build | Castle |
| 24:58 | Build | Farm |
| 24:59 | Build | Farm |
| 24:59 | Build | Farm |
| 24:59 | Build | Farm |
| 25:31 | Build | Mining Camp |
| 25:33 | Queue | Hussite Wagon |
| 25:33 | Queue | Hussite Wagon |
| 25:43 | Build | Siege Workshop |
| 25:55 | Queue | Hussite Wagon |
| 26:20 | Queue | Villager (Male) |
| 26:28 | Queue | Hussite Wagon |
| 26:40 | Queue | Hussite Wagon |
| 26:42 | Queue | Mangonel |
| 26:56 | Queue | Villager (Male) |
| 26:57 | Build | Farm |
| 27:20 | Queue | Villager (Male) |
| 27:26 | Build | Farm |
| 27:42 | Queue | Hussite Wagon |
| 27:56 | Build | Farm |
| 27:58 | Queue | Villager (Male) |
| 28:25 | Queue | Petard |
| 28:35 | Build | Farm |
| 28:45 | Queue | Hussite Wagon |
| 29:14 | Queue | Petard |
| 29:16 | Queue | Villager (Male) |
| 29:24 | Queue | Hussite Wagon |
| 29:41 | Queue | Hussite Wagon |
| 29:49 | Queue | Villager (Male) |
| 29:56 | Queue | Petard |
| 30:04 | Queue | Hussite Wagon |
| 30:07 | Queue | Mangonel |
| 30:11 | Queue | Villager (Male) |
| 30:23 | Queue | Hussite Wagon |
| 30:34 | Queue | Villager (Male) |
| 30:38 | Queue | Villager (Male) |
| 31:08 | Build | House |
| 31:09 | Build | House |
| 31:09 | Build | House |
| 31:38 | Queue | Hussite Wagon |
| 31:38 | Queue | Hussite Wagon |
| 31:49 | Queue | Hussite Wagon |
| 31:55 | Queue | Hussite Wagon ×2 |
| 32:13 | Queue | Villager (Male) |
| 32:13 | Queue | Villager (Male) |
| 32:15 | Build | House |
| 32:25 | Queue | Hussite Wagon |
| 33:12 | Queue | Villager (Male) |
| 33:12 | Queue | Villager (Male) |
| 33:44 | Queue | Hussite Wagon |
| 33:48 | Queue | Villager (Male) |
| 34:21 | Queue | Villager (Male) |
| 34:38 | Queue | Villager (Male) |
| 34:44 | Build | Stable |
| 34:59 | Queue | Hussite Wagon |
| 35:22 | Queue | Knight |
| 35:22 | Queue | Knight |
| 35:26 | Queue | Hussite Wagon |
| 35:26 | Queue | Hussite Wagon |
| 35:41 | Queue | Villager (Male) |
| 35:41 | Queue | Villager (Male) |
| 36:05 | Queue | Hussite Wagon |
| 36:16 | Queue | Knight |
Build order — VENI.VIDI.VICI.
First 150 of 250 actions detected
| 0:02 | Build | House |
| 0:03 | Build | House |
| 0:12 | Queue | Villager (Male) |
| 0:12 | Queue | Villager (Male) |
| 0:12 | Queue | Villager (Male) |
| 0:12 | Queue | Villager (Male) |
| 0:12 | Queue | Villager (Male) |
| 0:16 | Research | Loom |
| 0:17 | Queue | Villager (Male) |
| 0:17 | Queue | Villager (Male) |
| 0:31 | Queue | Villager (Male) |
| 0:31 | Queue | Villager (Male) |
| 0:32 | Queue | Villager (Male) |
| 0:32 | Queue | Villager (Male) |
| 0:55 | Build | Palisade Wall |
| 2:13 | Queue | Villager (Male) |
| 2:13 | Queue | Villager (Male) |
| 2:13 | Queue | Villager (Male) |
| 2:30 | Build | Palisade Wall |
| 2:52 | Queue | Villager (Male) |
| 2:52 | Queue | Villager (Male) |
| 2:52 | Queue | Villager (Male) |
| 2:52 | Queue | Villager (Male) |
| 3:08 | Build | Palisade Wall |
| 3:27 | Build | Palisade Wall |
| 3:30 | Queue | Villager (Male) |
| 3:30 | Queue | Villager (Male) |
| 3:30 | Queue | Villager (Male) |
| 3:30 | Queue | Villager (Male) |
| 3:53 | Build | Lumber Camp |
| 3:56 | Build | Palisade Wall |
| 4:37 | Queue | Villager (Male) ×3 |
| 4:37 | Queue | Villager (Male) ×3 |
| 4:38 | Queue | Villager (Male) |
| 4:38 | Queue | Villager (Male) |
| 5:22 | Queue | Villager (Male) |
| 5:22 | Queue | Villager (Male) |
| 5:22 | Queue | Villager (Male) |
| 6:02 | Build | Palisade Wall |
| 7:10 | Build | Palisade Wall |
| 7:33 | Queue | Villager (Male) |
| 7:33 | Queue | Villager (Male) |
| 7:33 | Queue | Villager (Male) |
| 7:33 | Queue | Villager (Male) |
| 7:33 | Queue | Villager (Male) |
| 8:04 | Build | Palisade Wall |
| 8:08 | Queue | Villager (Male) |
| 8:08 | Queue | Villager (Male) |
| 8:08 | Queue | Villager (Male) |
| 8:08 | Queue | Villager (Male) |
| 8:08 | Queue | Villager (Male) |
| 8:47 | Build | House |
| 8:51 | Queue | Villager (Male) |
| 8:52 | Queue | Villager (Male) |
| 8:52 | Queue | Villager (Male) |
| 8:52 | Queue | Villager (Male) |
| 9:57 | Build | Mill |
| 10:12 | Build | Mill |
| 10:31 | Queue | Villager (Male) |
| 10:31 | Queue | Villager (Male) |
| 10:31 | Queue | Villager (Male) |
| 10:31 | Queue | Villager (Male) |
| 11:05 | Queue | Villager (Male) |
| 11:05 | Queue | Villager (Male) |
| 11:05 | Queue | Villager (Male) |
| 11:22 | Build | Barracks |
| 11:34 | Build | House |
| 11:44 | Queue | Villager (Male) |
| 11:45 | Queue | Villager (Male) |
| 12:39 | Research | Feudal Age |
| 12:39 | Research | Feudal Age |
| 13:29 | Build | Mining Camp |
| 13:34 | Build | House |
| 13:41 | Build | House |
| 14:38 | Queue | Villager (Male) |
| 14:50 | Age | Feudal Age |
| 15:00 | Build | Archery Range |
| 15:09 | Research | Double-Bit Axe |
| 15:09 | Research | Double-Bit Axe |
| 15:09 | Research | Double-Bit Axe |
| 15:11 | Queue | Villager (Male) |
| 15:11 | Queue | Villager (Male) |
| 15:11 | Queue | Villager (Male) |
| 15:12 | Queue | Villager (Male) |
| 15:35 | Queue | Archer |
| 15:35 | Queue | Archer |
| 15:35 | Queue | Archer |
| 15:35 | Queue | Archer |
| 15:37 | Queue | Archer |
| 15:37 | Queue | Archer |
| 15:37 | Queue | Archer |
| 15:37 | Queue | Archer |
| 15:37 | Queue | Archer |
| 16:08 | Queue | Archer |
| 16:19 | Build | Blacksmith |
| 16:23 | Build | Palisade Wall |
| 16:28 | Build | House |
| 16:36 | Queue | Villager (Male) |
| 16:36 | Queue | Villager (Male) |
| 16:42 | Queue | Archer |
| 16:59 | Build | House |
| 17:01 | Build | House |
| 17:09 | Queue | Archer |
| 17:13 | Queue | Villager (Male) |
| 17:13 | Queue | Villager (Male) |
| 18:12 | Research | Fletching |
| 18:47 | Queue | Villager (Male) ×5 |
| 18:47 | Queue | Villager (Male) |
| 18:47 | Queue | Villager (Male) |
| 18:47 | Queue | Villager (Male) |
| 19:21 | Build | Lumber Camp |
| 19:42 | Build | House |
| 19:43 | Build | House |
| 19:44 | Build | House |
| 19:57 | Build | Farm |
| 19:57 | Build | Farm |
| 19:57 | Build | Farm |
| 19:57 | Build | Farm |
| 19:58 | Build | Farm |
| 20:15 | Build | Farm |
| 20:16 | Build | Farm |
| 20:16 | Build | Farm |
| 20:16 | Build | Farm |
| 20:16 | Build | Farm |
| 20:34 | Build | House |
| 20:53 | Build | Farm |
| 20:54 | Build | Farm |
| 20:54 | Build | Farm |
| 20:54 | Build | Farm |
| 21:02 | Build | Farm |
| 21:14 | Build | Farm |
| 21:22 | Build | Farm |
| 21:43 | Build | Farm |
| 21:44 | Build | Farm |
| 21:44 | Build | Farm |
| 21:44 | Build | Farm |
| 21:44 | Build | Farm |
| 21:45 | Build | Farm |
| 21:45 | Build | Farm |
| 21:45 | Build | Farm |
| 21:50 | Build | Farm |
| 22:05 | Build | Farm |
| 22:05 | Build | Farm |
| 22:05 | Build | Farm |
| 22:05 | Build | Farm |
| 22:06 | Build | Farm |
| 22:10 | Build | Farm |
| 22:19 | Build | Farm |
| 22:34 | Build | Farm |
| 22:49 | Research | Wheelbarrow |
Match timeline
| 0:55 | VENI.VIDI.VICI. · wall_segment Palisade Wall x7 |
| 1:34 | THEMADBANANAMAN · wall_segment Palisade Wall x7 |
| 2:25 | THEMADBANANAMAN · wall_segment Palisade Wall x1 |
| 2:30 | VENI.VIDI.VICI. · wall_segment Palisade Wall x1 |
| 3:08 | THEMADBANANAMAN · wall_segment Palisade Wall x1 |
| 3:08 | VENI.VIDI.VICI. · wall_segment Palisade Wall x1 |
| 3:09 | THEMADBANANAMAN · wall_segment Palisade Wall x1 |
| 3:14 | THEMADBANANAMAN · wall_segment Palisade Wall x1 |
| 3:27 | VENI.VIDI.VICI. · wall_segment Palisade Wall x1 |
| 3:50 | THEMADBANANAMAN · wall_segment Palisade Wall x1 |
| 3:52 | THEMADBANANAMAN · wall_segment Palisade Wall x1 |
| 3:54 | THEMADBANANAMAN · wall_segment Palisade Wall x1 |
| 3:56 | VENI.VIDI.VICI. · wall_segment Palisade Wall x1 |
| 6:02 | VENI.VIDI.VICI. · wall_segment Palisade Wall x1 |
| 6:39 | THEMADBANANAMAN · wall_segment Palisade Wall x1 |
| 6:40 | THEMADBANANAMAN · wall_segment Palisade Wall x1 |
| 7:07 | THEMADBANANAMAN · wall_segment Palisade Wall x1 |
| 7:09 | THEMADBANANAMAN · wall_segment Palisade Wall x1 |
| 7:10 | VENI.VIDI.VICI. · wall_segment Palisade Wall x1 |
| 7:38 | THEMADBANANAMAN · wall_segment Palisade Wall x1 |
| 7:46 | THEMADBANANAMAN · wall_segment Palisade Wall x1 |
| 8:04 | VENI.VIDI.VICI. · wall_segment Palisade Wall x5 |
| 10:11 | THEMADBANANAMAN · wall_segment Palisade Wall x8 |
| 11:16 | THEMADBANANAMAN · wall_segment Palisade Wall x2 |
| 11:22 | VENI.VIDI.VICI. · first_building Barracks |
| 14:50 | VENI.VIDI.VICI. · age_up feudal |
| 15:00 | VENI.VIDI.VICI. · first_building Archery Range |
| 16:23 | VENI.VIDI.VICI. · wall_segment Palisade Wall x1 |
| 17:48 | THEMADBANANAMAN · age_up feudal |
| 18:31 | THEMADBANANAMAN · first_building Barracks |
| 19:03 | THEMADBANANAMAN · wall_segment Palisade Wall x1 |
| 20:38 | THEMADBANANAMAN · first_market_sell 100 food |
| 20:40 | THEMADBANANAMAN · first_market_buy 100 wood |
| 23:58 | THEMADBANANAMAN · age_up castle |
| 24:14 | VENI.VIDI.VICI. · wall_segment Stone Wall x3 |
| 24:15 | THEMADBANANAMAN · first_building Castle |
| 24:16 | VENI.VIDI.VICI. · wall_segment Stone Wall x8 |
| 25:43 | THEMADBANANAMAN · first_building Siege Workshop |
| 25:53 | VENI.VIDI.VICI. · wall_segment Stone Wall x11 |
| 27:11 | VENI.VIDI.VICI. · age_up castle |
| 27:25 | VENI.VIDI.VICI. · first_building Siege Workshop |
| 27:47 | VENI.VIDI.VICI. · first_market_sell 100 wood |
| 29:30 | VENI.VIDI.VICI. · first_building Monastery |
| 31:11 | VENI.VIDI.VICI. · age_up imperial |
| 34:44 | THEMADBANANAMAN · first_building Stable |
| 38:25 | THEMADBANANAMAN · resign |
[ AI ANALYSIS · 1 CREDIT ]
What really happened in this match?
Wolo.gg analyzes every decision: build order, eco, micro, common mistakes by bracket. Personalized analysis on WhatsApp or Discord in 30 seconds.
Civ guide
Bohemians
Perfil
THEMADBANANAMAN